 Dungeon Crawl Stone Soup version 0.30-b1-2-g02819fbbbe (webtiles) character file.

Game seed: 4266207228837133891

230346 raph the Devastator (level 18, -16/114 HPs)
             Began as a Deep Elf Fire Elementalist on Oct 26, 2023.
             Was a High Priest of Ashenzari.
             Demolished by a vault warden
             ... wielding a +2 war axe
              (36 damage)
             ... on level 1 of the Vaults on Oct 29, 2023.
             The game lasted 01:51:04 (64438 turns).

raph the Devastator (Deep Elf Fire Elementalist)   Turns: 64438, Time: 01:51:05

Health: -16/114    AC: 13    Str:  5    XL:     18   Next: 32%
Magic:  19/40      EV: 27    Int: 29    God:    Ashenzari [*****.]
Gold:   1953       SH:  8    Dex: 15    Spells: 2/50 levels left

rFire   + . .        a - staff of conjuration "Visionary of Ashenzari" (curse) {Elem, Self} (curse)
rCold   + . .        t - +2 buckler of the Ensconced Planets {Fort, Bglg} (curse)
rNeg    + . .        j - +2 robe "Clairvoyant Annoyance" {Will+, Melee, Cun} (curse)
rPois   .            Y - +2 helmet "Share My Paranoia" {Melee, Bglg} (curse)
rElec   +            H - scarf "Sublime Entitlement" {rC+ rF+, Comp, Cun} (curse)
rCorr   .            k - +2 pair of gloves of the Wild Blue Yonder {Elem, Alch} (curse)
SInv    +            x - +2 pair of boots of the Perceptive Planets {Fort, Cun} (curse)
Will    ++...        d - amulet of the Fated Sorrow {Acrobat, Bglg, Self} (curse)
Stlth   ++++++       I - ring "Zatzej" {rElec rN+}
HPRegen 0.39/turn    J - ring "Elysian Gloom" {EV+5, Cun, Bglg} (curse)
MPRegen 0.27/turn

%: acrobat, clarity
@: hasted, very quick
A: no striking features
}: 2/15 runes: barnacled, gossamer
a: Renounce Religion, Shatter the Chains


You were on level 1 of the Vaults.
You worshipped Ashenzari.
Ashenzari was extremely pleased with you.
You visited 6 branches of the dungeon, and saw 31 of its levels.

You collected 3129 gold pieces.
You spent 1176 gold pieces at shops.

Inventory:

Missiles
 i - 5 throwing nets
 u - 30 poisoned darts
 E - 13 curare-tipped darts
Armour
 e - a +0 pair of gloves of dexterity
 j - the cursed +2 robe "Clairvoyant Annoyance" (worn) {Will+, Melee, Cun}
   (You found it on level 2 of the Dungeon)

   It has a curse which improves the following skills: Melee Combat: Short
   Blades, Long Blades, Axes, Maces & Flails, Polearms, Staves and Unarmed
   Combat.
   Cunning:   Dodging and Stealth.
 k - the cursed +2 pair of gloves of the Wild Blue Yonder (worn) {Elem, Alch}
   (You found it on level 3 of the Dungeon)

   It has a curse which improves the following skills: Elements: Fire Magic, Ice
   Magic, Air Magic and Earth Magic.
   Alchemy:   Poison Magic and Transmutations.
 t - the cursed +2 buckler of the Ensconced Planets (worn) {Fort, Bglg}
   (You found it on level 5 of the Dungeon)

   It has a curse which improves the following skills: Fortitude: Armour and
   Shields.
   Beguiling: Conjurations, Hexes and Translocations.
 x - the cursed +2 pair of boots of the Perceptive Planets (worn) {Fort, Cun}
   (You found it on level 6 of the Dungeon)

   It has a curse which improves the following skills: Fortitude: Armour and
   Shields.
   Cunning:   Dodging and Stealth.
 H - the cursed scarf "Sublime Entitlement" (worn) {rC+ rF+, Comp, Cun}
   (You found it on level 7 of the Dungeon)

   It has a curse which improves the following skills: Companions: Summonings
   and Necromancy.
   Cunning:   Dodging and Stealth.
 Q - +0 steam dragon scales
 Y - the cursed +2 helmet "Share My Paranoia" (worn) {Melee, Bglg}
   (You found it on level 15 of the Dungeon)

   It has a curse which improves the following skills: Melee Combat: Short
   Blades, Long Blades, Axes, Maces & Flails, Polearms, Staves and Unarmed
   Combat.
   Beguiling: Conjurations, Hexes and Translocations.
Magical Staves
 a - the cursed staff of conjuration "Visionary of Ashenzari" (weapon) {Elem, Self}
   (You acquired it on level 7 of the Dungeon)

   [staff of conjuration]

   Base accuracy: +5 Base damage: 5 Base attack delay: 1.2 This weapon's minimum
   attack delay (0.6) is reached at skill level 12.
   It falls into the 'Staves' category.
   It is a one-handed weapon.
   It has a curse which improves the following skills: Elements: Fire Magic, Ice
   Magic, Air Magic and Earth Magic.
   Introspection: Fighting and Spellcasting.
Jewellery
 d - the cursed amulet of the Fated Sorrow (around neck) {Acrobat, Bglg, Self}
   (You found it on level 2 of the Dungeon)

   [amulet of the acrobat]

   It increases your evasion while moving and waiting.
   It has a curse which improves the following skills: Beguiling: Conjurations,
   Hexes and Translocations.
   Introspection: Fighting and Spellcasting.
 I - the ring "Zatzej" (left hand) {rElec rN+}
   (You found it on level 5 of the Lair of Beasts)

   [ring of positive energy]

   rElec:     It insulates you from electricity.
   rN:        It protects you from negative energy.
 J - the cursed ring "Elysian Gloom" (right hand) {EV+5, Cun, Bglg}
   (You found it on level 8 of the Dungeon)

   [ring of evasion]

   EV:        It affects your evasion (+5).
   It has a curse which improves the following skills: Cunning: Dodging and
   Stealth.
   Beguiling: Conjurations, Hexes and Translocations.
 N - the ring of Compassion {rC- rCorr Int+6 SInv}
   (You took it off a necromancer on level 5 of the Lair of Beasts)

   [ring of intelligence]

   Int:       It affects your intelligence (+6).
   rC:        It makes you vulnerable to cold.
   SInv:      It lets you see invisible.
   rCorr:     It protects you from acid and corrosion.
 R - the amulet of the Republic {Reflect Will+ SH+5 SInv}
   (You found it on level 11 of the Dungeon)

   [amulet of reflection]

   It reflects blocked missile attacks.
   SInv:      It lets you see invisible.
   SH:        It affects your SH (+5).
   Will:      It increases your willpower.
 Z - a ring of protection from cold
Wands
 f - a wand of polymorph (11)
 o - a wand of iceblast (7)
 s - a wand of flame (23)
 A - a wand of mindburst (3)
 B - a wand of light (18)
 C - a wand of digging (3)
 K - a wand of paralysis (13)
Scrolls
 g - 8 scrolls of teleportation
 q - 2 scrolls of amnesia
 v - 7 scrolls of fog
 w - 6 scrolls of poison
 y - 2 scrolls of blinking
 z - 4 scrolls of magic mapping
 D - 6 scrolls of enchant weapon
 O - 2 scrolls of fear
Potions
 b - 2 potions of resistance
 c - 7 potions of might
 h - 26 potions of curing
 l - 5 potions of lignification
 m - 4 potions of brilliance
 n - 6 potions of attraction
 p - 4 potions of mutation
 L - 4 potions of flight
 M - 6 potions of cancellation
 P - 5 potions of ambrosia
 U - 3 potions of magic
 V - 2 potions of haste
Miscellaneous
 r - a lightning rod (4/4)
 T - a box of beasts (inert)


   Skills:
 + Level 9.8(13.0) Fighting
 - Level 8.3(11.5) Staves
 + Level 13.8(18.8) Dodging
 + Level 11.2(16.2) Stealth
 - Level 5.6(8.8) Shields
 + Level 13.7(16.8) Spellcasting
 * Level 16.1(21.0) Conjurations
 - Level 9.8(14.8) Hexes
 - Level 2.2(5.9) Translocations
 + Level 16.0(19.0) Fire Magic
 + Level 10.9(14.1) Earth Magic
 + Level 9.3 Evocations


You had 2 spell levels left.
You knew the following spells:

 Your Spells              Type           Power      Damage    Failure   Level
a - Foxfire               Conj/Fire      100%       2x1d9     0%          1
b - Scorch                Fire           100%       2d9       0%          2
c - Inner Flame           Hex/Fire       89%        N/A       0%          3
d - Starburst             Conj/Fire      59%        6d16      1%          6
e - Tukima's Dance        Hex            84%        N/A       1%          3
f - Flame Wave            Conj/Fire      100%       2d21      0%          4
g - Dazzling Flash        Conj/Hex       100%       N/A       0%          3
h - Iskenderun's Mystic   Conj/Tloc      100%       2d19      1%          4
i - Anguish               Hex/Necr       31%        N/A       1%          4
j - Iron Shot             Conj/Erth      56%        9d11      1%          6
k - Orb of Destruction    Conj           60%        9d15      1%          7
l - Freezing Cloud        Conj/Ice/Air   39%        6-21      4%          5

Your spell library contained the following spells:

 Spells                   Type           Power      Damage    Failure   Level
 Apportation              Tloc           100%       N/A       1%          1
 Static Discharge         Conj/Air       100%       2-7/arc   1%          2
 Beastly Appendage        Tmut           50%        N/A       2%          1
 Necrotise                Necr           100%       1d9       2%          1
 Cigotuvi's Dreadful Rot  Necr/Pois/Air  52%        N/A       3%          2
 Wereblood                Tmut           25%        N/A       3%          2
 Stone Arrow              Conj/Erth      100%       3d13      0%          3
 Gell's Gravitas          Tloc           55%        N/A       1%          3
 Hailstorm                Conj/Ice       92%        3d18      1%          3
 Ignite Poison            Fire/Tmut/Pois 58%        N/A       1%          3
 Portal Projectile        Hex/Tloc       100%       N/A       1%          3
 Summon Guardian Golem    Hex/Summ       62%        N/A       1%          3
 Teleport Other           Tloc           55%        N/A       1%          3
 Volatile Blastmotes      Fire/Tloc      100%       2d18      1%          3
 Animate Armour           Summ/Erth      100%       N/A       1%          4
 Cause Fear               Hex            42%        N/A       1%          4
 Fulminant Prism          Conj/Hex       56%        3d24      1%          4
 Lee's Rapid Deconstruct  Erth           41%        3d20*     1%          5
 Passage of Golubria      Tloc           55%        N/A       2%          4
 Yara's Violent Unravell  Hex/Tmut       31%        3d13      3%          5
 Conjure Ball Lightning   Conj/Air       46%        3x3d16    5%          6
 Enfeeble                 Hex            42%        N/A       5%          7
 Spider Form              Tmut/Pois      25%        N/A       8%          3
 Vampiric Draining        Necr           25%        2d7       8%          3
 Lehudib's Crystal Spear  Conj/Erth      56%        10d13     14%         8
 Statue Form              Tmut/Erth      40%        N/A       22%         6
 Airstrike                Air            13%        2d(2-18)  24%         4
 Ice Form                 Ice/Tmut       26%        N/A       24%         4
 Summon Ice Beast         Ice/Summ       26%        N/A       24%         4
 Summon Lightning Spire   Summ/Air       26%        N/A       24%         4
 Spellforged Servitor     Conj/Summ      46%        N/A       30%         7
 Dispersal                Tloc           27%        N/A       36%         6
 Discord                  Hex            42%        N/A       38%         8
 Agony                    Necr           25%        N/A       56%         5
 Blade Hands              Tmut           12%        N/A       56%         5
 Simulacrum               Ice/Necr       13%        N/A       98%         6
 Disjunction              Tloc           27%        N/A       100%        8
 Shatter                  Erth           41%        3d32*     100%        9


Dungeon Overview and Level Annotations

Branches:
Dungeon (15/15)            Temple (0/1) D:6            Lair (5/5) D:8
 Shoals (4/4) Lair:2       Spider (4/4) Lair:3        Slime (0/5) Lair:4
    Orc (2/2) D:11            Elf (0/3) Orc:2        Vaults (1/5) D:13
 Depths (0/4) D:15

Altars:
Ashenzari
Gozag
Makhleb
Nemelex Xobeh
Ru
Uskayaw
Yredelemnul
Jiyva

Shops:
D:8 (   D:11 [   Orc:2 :*[(

Portals:
Trove: D:14 (give horn of Geryon)


Message History

The yaktaur is engulfed in freezing vapours. x2
The centaur warrior is engulfed in freezing vapours.
The centaur warrior shoots an arrow.
The arrow completely misses you.
The centaur warrior is engulfed in freezing vapours. x2
The centaur warrior shoots an arrow.
The arrow misses you.
The vault warden is engulfed in freezing vapours.
You feel a bit more experienced.
The centaur warrior is engulfed in freezing vapours.
You kill the centaur warrior!
The yaktaur is engulfed in freezing vapours.
The yaktaur shoots a bolt.
The bolt completely misses you.
You feel much better.
Okay, then.
Casting: Freezing Cloud (dangerous; 4% risk of failure)
Confirm with . or Enter, or press ? or * to list all spells.
You feel a surge of power!
You erupt in a blast of force!
The mystic blast hits the vault warden!
The vault warden is almost dead.
The mystic blast hits the yaktaur!!
You kill the yaktaur!
The centaur warrior shoots an arrow.
The arrow hits you!!
* * * LOW HITPOINT WARNING * * *
The centaur warrior shoots an arrow.
You block the arrow.
The centaur warrior shoots an arrow.
The arrow hits you!
* * * LOW HITPOINT WARNING * * *
You feel much better.
Okay, then.
You open the lid... ...and a juvenile weirdbat beast flies out!
The box is emptied!
The yaktaur shoots a bolt.
The bolt completely misses you.
The centaur warrior shoots an arrow.
You block the arrow. The vault warden completely misses you.
The vault warden barely misses your juvenile weirdbat beast.
You feel yourself speed up.
Your juvenile weirdbat beast barely misses the vault warden.
The vault warden blocks your juvenile weirdbat beast's attack.
The centaur warrior shoots an arrow.
You block the arrow.
The yaktaur shoots a bolt.
You block the bolt.
The vault warden hits you with a +2 war axe!!!
You die...

, , * , , ,* * , * , , *
,,, , **, * , ,* *,, ,*
* * *######+######*** +
* * , ,,......c.$....,,
, , ,,
,c....)........,,, ,,, ,
, ,..c).c...c.§§#* ,
,.....)...§§§§#*{*{ { **
** ,,.........§§§@#{ ,
,* , , , ,
....c....§§p§# , , * { ,
, , ....c...!§H§.#{,
{*,, , ,{ , ,,,
.........§§§§#*, ** * ,
, ,, ,,, .............#{
, ,,,,,, #######......#*
*,,, ,, , *, , , ,
#......################
* , ,,
#......................
*,, , ,
,#......................


You could see a vault warden (ally target), a centaur warrior, a yaktaur and a
friendly juvenile weirdbat beast (summoned).

Vanquished Creatures
  Mara (Spider:4)
  Nikola (Spider:2)
  2 krakens
  Donald (Orc:2)
  3 emperor scorpions
  A frost giant (Shoals:4)
  A vault warden (Vaults:1)
  Aizul (Vaults:1)
  A ghost moth (Spider:3)
  2 orc warlords (Orc:2)
  A stone giant (D:15)
  3 spark wasps
  2 dire elephants (Lair:5)
  Snorg (Orc:2)
  A yaktaur captain (Vaults:1)
  7 merfolk impalers
  6 entropy weavers
  A great orb of eyes (Vaults:1)
  3 vault guards (D:13)
  Fannar (D:12)
  4 hydras
  A jorogumo (Spider:3)
  2 catoblepae (Lair:3)
  Erolcha (Orc:1)
  12 boulder beetles
  4 merfolk avatars
  7 merfolk aquamancers
  3 alligator snapping turtles
  7 radroaches
  3 tengu warriors
  14 centaur warriors
  6 two-headed ogres
  6 satyrs
  7 death yaks
  4 orc high priests (Orc:2)
  4 skysharks
  A sun moth (Spider:3)
  A spectral death yak (Lair:5)
  13 sea snakes
  10 pharaoh ants
  A spectral anaconda (Lair:5)
  A lindwurm (Lair:5)
  An obsidian statue (Lair:5)
  The ghost of enotiy the Cleaver, a novice GrFi (D:8)
  A deep elf pyromancer (D:11)
  4 orb spiders
  4 necromancers (Lair:5)
  9 harpies
  12 steelbarb worms
  6 ugly things
  4 orc knights
  6 orc sorcerers
  20 manticores
  16 wolf spiders
  7 cyclopes
  An oklob plant (Lair:4)
  9 fauns
  A black mamba (Lair:3)
  7 water nymphs
  A moth of wrath (Spider:4)
  5 merfolk sirens
  22 elephants
  Joseph (D:7)
  A vault sentinel (Vaults:1)
  7 torpor snails
  3 gargoyles
  7 cane toads
  13 demonic crawlers
  A dire elephant skeleton (Lair:5)
  An unseen horror (D:13)
  6 yaktaurs (Vaults:1)
  An efreet (D:13)
  2 rime drakes
  2 kobold demonologists
  A tengu conjurer (D:8)
  9 komodo dragons
  13 merfolk
  13 trolls
  A wind drake (Shoals:4)
  9 meliai
  26 tarantellas
  3 polar bears
  3 spectral elephants (Lair:5)
  15 blink frogs
  9 snapping turtles
  Grinder (D:5)
  6 dream sheep
  30 jumping spiders
  A shadow (D:8)
  A vampire (D:12)
  15 culicivoras
  A spriggan (D:12)
  2 wraiths
  4 slime creatures
  3 wyverns
  8 water elementals
  8 humans (D:13)
  39 yaks
  44 redbacks
  A steam dragon (D:10)
  5 basilisks
  17 vampire mosquitoes
  Menkaure (D:7)
  A death yak simulacrum (Lair:5)
  2 wargs (Orc:2)
  A spectral cane toad (Lair:5)
  2 hell hounds (Lair:2)
  An acid dragon (D:13)
  13 water moccasins
  A sky beast (D:7)
  27 orc warriors
  6 ice beasts
  3 black bears
  7 ogres
  3 centaurs
  3 elephant zombies (Lair:5)
  23 wolves
  2 phantoms
  2 elephant skeletons (Lair:5)
  4 kobold brigands
  9 bullfrogs
  A cane toad simulacrum (Lair:5)
  5 wights (D:9)
  8 scorpions
  21 killer bees
  5 howler monkeys (D:9)
  A howler monkey (shapeshifter) (D:14)
  4 electric eels
  4 hounds
  24 orc priests
  A gnoll bouda (D:6)
  5 jellies
  2 sleepcaps
  5 iguanas
  34 orc wizards
  Ijyb (D:4)
  14 gnolls
  3 adders
  A shadow imp (D:6)
  3 white imps
  An ufetubus (D:5)
  3 worms
  3 dart slugs
  71 orcs
  An endoplasm (D:4)
  4 giant cockroaches
  6 hobgoblins
  3 quokkas
  8 ball pythons
  6 bats
  5 frilled lizards
  9 goblins
  17 kobolds
  3 rats
  A bush (Lair:4)
1016 creatures vanquished.

Vanquished Creatures (collateral kills)
  An orc warrior (Orc:2)
  A kobold brigand (D:9)
  An orc (Orc:2)
  2 kobolds (D:9)
  5 foxfires
10 creatures vanquished.

Vanquished Creatures (others)
  A merfolk (Shoals:1)
  A dancing weapon (Orc:2)
  A human (D:13)
  An orc warrior (Orc:2)
  An orc (D:10)
  1033 foxfires
  31 fungi
  72 plants
  8 tentacles
  31 withered plants (Lair:5)
1180 creatures vanquished.

Grand Total: 2206 creatures vanquished

Notes
Turn   | Place    | Note
-------+----------+-------------------------------------------
     0 | D:1      | raph the Deep Elf Fire Elementalist began the quest for the
                  | Orb.
     0 | D:1      | Reached XP level 1. HP: 10/10 MP: 6/6
   359 | D:1      | Reached XP level 2. HP: 15/15 MP: 4/8
   665 | D:1      | Learned a level 2 spell: Scorch
   775 | D:1      | Found a faded altar of an unknown god.
  1505 | D:2      | Reached XP level 3. HP: 19/19 MP: 2/10
  1715 | D:2      | Learned a level 3 spell: Inner Flame
  1719 | D:2      | Learned a level 3 spell: Volatile Blastmotes
  2059 | D:2      | Reached XP level 4. HP: 21/24 MP: 3/11
  3415 | D:3      | Found a broken altar of Ashenzari.
  3420 | D:3      | Became a worshipper of Ashenzari the Shackled
  3599 | D:4      | Noticed Ijyb
  3607 | D:4      | Killed Ijyb
  3608 | D:4      | Reached skill level 5 in Fire Magic
  3719 | D:4      | Reached XP level 5. HP: 28/28 MP: 8/13
  3894 | D:4      | Found a hide-covered altar of Uskayaw.
  3896 | D:4      | Found a burning altar of Makhleb.
  4311 | D:4      | Learned a level 3 spell: Tukima's Dance
  4453 | D:4      | Reached skill level 1 in Hexes
  4751 | D:5      | Entered Level 5 of the Dungeon
  4832 | D:5      | Reached XP level 6. HP: 33/33 MP: 9/15
  4935 | D:5      | Reached skill level 1 in Fighting
  4966 | D:5      | Reached skill level 5 in Spellcasting
  5109 | D:5      | Reached XP level 7. HP: 36/38 MP: 12/17
  5114 | D:5      | Learned a level 4 spell: Flame Wave
  5155 | D:5      | Noticed Grinder
  5163 | D:5      | Killed Grinder
  5342 | D:5      | Reached skill level 1 in Shields
  5392 | D:5      | Reached XP level 8. HP: 23/44 MP: 11/18
  5958 | D:5      | Found a basalt altar of Yredelemnul.
  6263 | D:6      | Found a staircase to the Ecumenical Temple.
  6294 | D:6      | Reached * piety under Ashenzari
  6359 | D:6      | Reached skill level 5 in Hexes
  6919 | D:6      | Reached skill level 5 in Conjurations
  7398 | D:6      | Learned a level 3 spell: Dazzling Flash
  7635 | D:7      | Noticed Joseph
  7645 | D:7      | Killed Joseph
  7646 | D:7      | Reached XP level 9. HP: 18/51 MP: 10/21
  7923 | D:7      | Identified a scroll of acquirement
  7938 | D:7      | Acquired a staff of conjuration
  8213 | D:7      | Noticed Menkaure
  8224 | D:7      | Killed Menkaure
  8228 | D:7      | Reached skill level 5 in Dodging
  8481 | D:7      | Found a sparkling altar of Nemelex Xobeh.
  9507 | D:7      | Identified the +2 leather armour of Dim Light {-Cast rN+
                  | Str+9 SInv}
  9914 | D:8      | Noticed a kobold demonologist
  9917 | D:8      | Noticed a rime drake
 10044 | D:8      | Reached XP level 10. HP: 40/56 MP: 12/23
 10149 | D:8      | Found Mixtiume's Antique Weapon Shoppe.
 10304 | D:8      | Learned a level 4 spell: Iskenderun's Mystic Blast
 10345 | D:8      | You are sucked into a shaft and drop 1 floor!
 10345 | D:9      | Identified the +0 leather armour "Vetzurhy" {rC+ rN+}
 10434 | D:9      | Identified the Catalogue of the Mantle
 10729 | D:8      | Noticed a smoke demon
 10730 | D:8      | Found a staircase to the Lair.
 10737 | D:8      | Reached skill level 1 in Translocations
 11070 | D:8      | Found a runed translucent gate.
 11071 | D:8      | Found a runed translucent gate.
 11072 | D:8      | Found a runed translucent gate.
 11072 | D:8      | Found an opulent altar of Gozag.
 11075 | D:8      | Noticed enotiy's ghost (novice GrFi)
 11196 | D:8      | Reached ** piety under Ashenzari
 11467 | Lair:1   | Entered Level 1 of the Lair of Beasts
 11738 | Lair:1   | Noticed a cane toad
 11745 | Lair:1   | Killed a cane toad
 11832 | Lair:1   | Found a burning altar of Makhleb.
 11836 | Lair:1   | Found a frozen archway.
 11949 | Lair:1   | Identified the +0 plate armour of the Known World {rElec
                  | Regen+ Dex+3}
 12299 | Lair:1   | Reached skill level 5 in Shields
 12637 | Lair:1   | Learned a level 4 spell: Anguish
 12703 | Lair:1   | Reached XP level 11. HP: 63/63 MP: 17/26
 13675 | Lair:2   | Reached *** piety under Ashenzari
 14130 | Lair:2   | Found a staircase to the Shoals.
 14233 | Lair:2   | Reached skill level 1 in Evocations
 14686 | Lair:3   | Learned a level 6 spell: Starburst
 14828 | Lair:3   | Reached skill level 10 in Fire Magic
 15501 | Lair:3   | Noticed an eight-headed hydra
 15504 | Lair:3   | Killed an eight-headed hydra
 15805 | Lair:3   | Noticed a catoblepas
 15810 | Lair:3   | Killed a catoblepas
 16067 | Lair:3   | Reached **** piety under Ashenzari
 16147 | Lair:3   | Reached skill level 10 in Conjurations
 16511 | Lair:3   | Reached XP level 12. HP: 71/71 MP: 3/29
 16797 | Lair:3   | Reached skill level 1 in Staves
 16959 | Lair:3   | Noticed a boulder beetle
 16966 | Lair:3   | Noticed a boulder beetle
 16977 | Lair:3   | Killed a boulder beetle
 16978 | Lair:3   | Killed a boulder beetle
 17169 | Lair:3   | Noticed a death yak
 17181 | Lair:3   | Killed a death yak
 17606 | Lair:3   | Reached skill level 5 in Fighting
 18463 | Lair:3   | Found a hole to the Spider Nest.
 18863 | Lair:3   | Identified the +3 leather armour of Elyvilon's Indignation
                  | {Will+}
 19105 | Lair:3   | Noticed a catoblepas
 19115 | Lair:3   | Killed a catoblepas
 19360 | Lair:4   | Reached ***** piety under Ashenzari
 19599 | Lair:4   | Noticed a six-headed hydra
 19610 | Lair:4   | Killed a six-headed hydra
 20105 | Lair:4   | Reached XP level 13. HP: 82/82 MP: 12/31
 20258 | Lair:4   | Found a viscous altar of Jiyva.
 20265 | Lair:4   | Found a staircase to the Slime Pits.
 20762 | Lair:5   | Entered Level 5 of the Lair of Beasts
 21073 | Lair:5   | Reached skill level 5 in Staves
 21644 | Lair:5   | Learned a level 6 spell: Iron Shot
 21742 | Lair:5   | Noticed a dire elephant
 21745 | Lair:5   | Noticed a dire elephant
 21876 | Lair:5   | Identified the ring of Compassion {rC- rCorr Int+6 SInv}
 21949 | Lair:5   | Reached skill level 1 in Earth Magic
 22731 | Lair:5   | Reached skill level 10 in Dodging
 24560 | Lair:5   | Identified the ring "Zatzej" {rElec rN+}
 24883 | Lair:5   | Killed a dire elephant
 25095 | Lair:5   | Killed a dire elephant
 25096 | Lair:5   | Reached XP level 14. HP: 90/90 MP: 16/33
 25449 | D:9      | Found the +8 trident of the Octopus King {venom, rElec
                  | rPois}
 25556 | D:9      | Found a sacrificial altar of Ru.
 26548 | D:10     | Entered Level 10 of the Dungeon
 26883 | D:10     | Found a viscous altar of Jiyva.
 27768 | D:11     | Identified the amulet of the Republic {Reflect Will+ SH+5
                  | SInv}
 28070 | D:11     | Found a staircase to the Orcish Mines.
 28264 | D:11     | Found Vaberig's Antique Armour Shoppe.
 28272 | D:11     | Bought a pair of embroidered boots for 262 gold pieces
 28272 | D:11     | Bought a glowing robe for 129 gold pieces
 28283 | D:11     | Identified the +4 short sword of the Omega Point {vamp,
                  | Str+5 Int+3 Dex+3}
 28652 | Orc:1    | Entered Level 1 of the Orcish Mines
 28697 | Orc:1    | Reached skill level 5 in Earth Magic
 28946 | Orc:1    | Noticed Erolcha
 28948 | Orc:1    | Killed Erolcha
 28949 | Orc:1    | Reached skill level 5 in Stealth
 29319 | Orc:2    | Entered Level 2 of the Orcish Mines
 29796 | Orc:2    | Noticed Snorg
 30051 | Orc:2    | Killed Snorg
 30213 | Orc:2    | Identified the +1 kite shield of Dogma {rF- rC++ Will+++}
 30213 | Orc:2    | Noticed Donald
 30224 | Orc:2    | Killed Donald
 30579 | Orc:2    | Noticed an orc warlord
 30604 | Orc:2    | Killed an orc warlord
 30984 | Orc:2    | Reached skill level 10 in Spellcasting
 32296 | Orc:2    | Noticed an orc warlord
 32303 | Orc:2    | Killed an orc warlord
 33259 | Orc:2    | Found a staircase to the Elven Halls.
 33495 | Orc:2    | Found Qiri's General Store.
 33495 | Orc:2    | Found Paryta's Book Emporium.
 33675 | Orc:2    | Found Xicliume's Antique Armour Shoppe.
 33675 | Orc:2    | Found Juakhlus's Antique Weapon Shoppe.
 33680 | Orc:2    | Bought a scroll of teleportation for 45 gold pieces
 33680 | Orc:2    | Bought a potion of brilliance for 60 gold pieces
 33848 | Orc:2    | Bought a book of Dangerous Friends for 680 gold pieces
 34351 | D:12     | Found the +12 pair of quick blades "Gyre" and "Gimble"
                  | {protect}
 34622 | D:12     | Noticed Fannar
 34628 | D:12     | Killed Fannar
 34632 | D:12     | Reached XP level 15. HP: 96/96 MP: 7/35
 34640 | D:12     | Learned a level 7 spell: Orb of Destruction
 35151 | D:12     | Reached skill level 5 in Evocations
 36348 | D:13     | Found a gate to the Vaults.
 36359 | D:13     | Identified the +15 plate armour "Epupsifo" {+Blink Fly
                  | rPois Stlth-}
 37257 | D:14     | Identified the +5 trident "Zukkuetz" {protect, *Noise rF++
                  | rN+ Stlth+}
 37471 | D:14     | Found a portal to a secret trove of treasure.
 37514 | D:14     | Identified the +0 robe of Generosity {*Slow Fly rCorr SInv}
 37618 | D:14     | Found a sparkling altar of Nemelex Xobeh.
 37768 | D:15     | Entered Level 15 of the Dungeon
 37893 | D:15     | Reached ****** piety under Ashenzari
 38108 | D:15     | Found a sacrificial altar of Ru.
 38964 | D:15     | Found a staircase to the Depths.
 39313 | Shoals:1 | Entered Level 1 of the Shoals
 40139 | Shoals:1 | HP: 2/95 [water nymph/the raging water (27)]
 42379 | Shoals:2 | Reached XP level 16. HP: 72/101 MP: 0/36
 44533 | Shoals:3 | Noticed a kraken
 44536 | Shoals:3 | Killed a kraken
 45716 | Shoals:4 | Entered Level 4 of the Shoals
 45723 | Shoals:4 | Noticed a kraken
 45820 | Shoals:4 | Killed a kraken
 46927 | Shoals:4 | Reached skill level 15 in Fire Magic
 47159 | Shoals:4 | Identified the Exposition on Congelation and Distance
 49193 | Shoals:4 | Got a barnacled rune of Zot
 49896 | Spider:1 | Entered Level 1 of the Spider Nest
 51748 | Lair:3   | Reached XP level 17. HP: 97/108 MP: 16/38
 53921 | Spider:2 | Noticed Nikola
 53938 | Spider:2 | Killed Nikola
 54040 | Spider:2 | Reached skill level 10 in Earth Magic
 55435 | Spider:3 | Reached skill level 15 in Conjurations
 56006 | Spider:3 | Reached skill level 10 in Stealth
 58552 | Spider:4 | Entered Level 4 of the Spider Nest
 60109 | Spider:4 | Noticed Mara
 61055 | Spider:4 | Killed Mara
 61912 | Spider:4 | Reached XP level 18. HP: 103/114 MP: 1/40
 62800 | Spider:4 | Got a gossamer rune of Zot
 63167 | D:8      | Killed enotiy's ghost
 63535 | Vaults:1 | Entered Level 1 of the Vaults
 63785 | Vaults:1 | Learned a level 5 spell: Freezing Cloud
 64292 | Vaults:1 | Noticed Aizul
 64298 | Vaults:1 | Killed Aizul
 64435 | Vaults:1 | HP: 1/114 [centaur warrior/arrow (15)]
 64438 | Vaults:1 | Demolished by a vault warden

Illustrated notes

Levels and vault maps discovered:
D:1:      beargit_arrival_diablo_church, layout_loops_ring,
          basic_ecumenical_altar, hangedman_abyss_or_decor_stabs
D:2:      layout_basic
D:3:      layout_rooms, lemuel_doored_altar, grunt_ministairs_3,
          nrook_loot_triangle
D:4:      layout_loops_ring, mainiacjoe_overflow_catwalk_spiral, uniq_ijyb
D:5:      layout_basic, nicolae_overflow_crystal_walls, serial_glass,
          glass_columns_a, glass_columns_c, minmay_strange_pillars,
          minmay_strange_pillars, item_on_display_a, grunt_tough_drop,
          uniq_grinder
D:6:      layout_gridville, minmay_temple_entry_from_below_a, minmay_bent
D:7:      layout_loops_cross, mainiacjoe_overflow_24_doors, serial_aquarium,
          aquarium_bridge_square [aquarium_subvault_wall,
          aquarium_subvault_bridge, aquarium_subvault_balcony,
          aquarium_subvault_wall], aquarium_window_corner, aquarium_window_fake,
          aquarium_window_corridor_1, aquarium_window_2, aquarium_view_2d,
          aquarium_view_2d, aquarium_pool_2, uniq_joseph, uniq_menkaure
D:8:      layout_loops_ring, hellmonk_lair_entry_icy, ebering_ghost_gozag,
          serial_shops, nicolae_shop_rolling_square, dk_noncrumbling_3,
          grunt_ministairs_2, minmay_misc_feat_ornament
D:9:      layout_roguey, kennysheep_little_box
D:10:     layout_roguey, minmay_misc_feat_rugged, jiyva_altar_1
D:11:     layout_cross, minmay_orc_entry_temple_small, serial_shops,
          nicolae_shop_trees
D:12:     layout_stronghold, hellmonk_guarded_unrand_gyre_and_gimble,
          uniq_fannar
D:13:     layout_loops_ring, ximxim_vaults_locker_room
D:14:     layout_loops_corners, serial_bayou_shore_a,
          nicolae_trove_entry_crystal, nemelex_diamond_rough_becter
D:15:     grunt_enter_depths_snipers, layout_irregular_city,
          minmay_misc_feat_cross, hangedman_ru_absence
Lair:1:   layout_layer_cave, basic_altar, portal_ice_cave_entry_pillars_2,
          beast_lair_carwin_7, serial_bayou_shore_b
Lair:2:   layout_regular_city, elwin_shoals_entry_rooms, enter_volcano_3
Lair:3:   nzn_winding_woodlands_stair_cross
          [nzn_winding_woodlands_5x15_lazy_stream,
          nzn_winding_woodlands_center_lodge, nzn_winding_woodlands_5x15_parted,
          nzn_winding_woodlands_5x5_three, nzn_winding_woodlands_5x5_cross,
          nzn_winding_woodlands_5x15_pockets,
          nzn_winding_woodlands_center_pierced_h,
          nzn_winding_woodlands_5x15_cabin], layout_long_grid,
          nicolae_spider_entry_non_spiders
Lair:4:   layout_gridlike, minmay_slime_entry_oklob_enclosed, serial_forest,
          infiniplex_forest_clump_double, infiniplex_forest_corner_1,
          infiniplex_forest_straight_2, infiniplex_forest_corner_2,
          infiniplex_forest_lined_room_3, infiniplex_forest_pool,
          infiniplex_forest_clump_tiny, infiniplex_forest_lined_3_way,
          infiniplex_forest_end_1, infiniplex_forest_clump_long,
          nicolae_lair_lil_pond
Lair:5:   due_jungle_book, layout_cave_pods, infiniplex_staircase_pool,
          grunt_megastairs_3, lemuel_fruit_tree, lemuel_fruit_fields
Shoals:1: layout_shoals, nicolae_shoals_water_shrine
Shoals:2: layout_shoals, nicolae_shoals_arrival_archipelago
Shoals:3: layout_shoals, nicolae_shoals_so_close
Shoals:4: shoals_end_grunt_ice, layout_shoals
Spider:1: layout_spider_delve, drop_trap, hangedman_spider_mandibles
Spider:2: layout_spider_delve, uniq_nikola
Spider:3: layout_chambers
Spider:4: hellmonk_spider_rune_bug_friends, uniq_mara
Orc:1:    layout_diamond_mine, uniq_erolcha
Orc:2:    st_orc_congregation, layout_diamond_mine, uniq_donald, uniq_snorg
Vaults:1: ontoclasm_vaults_ring_square, nicolae_vaults_library_corner,
          nicolae_vaults_back_hallway, nicolae_vaults_wine_cellar, v_misc_10,
          grunt_vaults_hallway_long, nicolae_vaults_six-pack,
          vaults_dpeg_diagonal, nicolae_vaults_theta, vaults_dpeg_ring,
          nicolae_vaults_tetromino_Z_1, layout_vaults_omnibox, uniq_aizul

Skill      XL: |  1  2  3  4  5  6  7  8  9 10 11 12 13 14 15 16 17 18 |
---------------+-------------------------------------------------------+-----
Fire Magic     | 4 5 6 7 8 9 11 12 13 14 15 16 | 16.0
Conjurations   | 2 3 4 5 6 7 10 11 12 13 14 15 16 | 16.1
Spellcasting   | 4 5 6 7 8 9 10 11 12 13 | 13.7
Hexes          | 1 3 4 6 7 9 |  9.8
Fighting       | 1 2 3 4 5 6 7 8 9 |  9.8
Dodging        | 3 4 5 6 7 9 10 11 12 13 | 13.8
Shields        | 1 2 4 5 |  5.6
Translocations | 2 |  2.2
Evocations     | 1 2 4 6 7 8 9 |  9.3
Staves         | 4 6 7 8 |  8.3
Earth Magic    | 3 6 8 9 10 | 10.9
Stealth        | 4 6 7 9 10 11 | 11.2

Action                     |  1- 3 |  4- 6 |  7- 9 | 10-12 | 13-15 | 16-18 || total
---------------------------+-------+-------+-------+-------+-------+-------++-------
  Melee: Unarmed           |     1 |       |       |       |       |       ||     1
         Dagger            |     8 |     8 |     1 |       |       |       ||    17
         Staff             |       |       |     3 |    18 |   110 |    80 ||   211
  Throw: Dart              |       |       |       |       |     2 |     2 ||     4
   Cast: Foxfire           |    54 |    78 |   140 |   202 |   122 |       ||   596
         Scorch            |     5 |    25 |    41 |    86 |    33 |       ||   190
         Volatile Blastmot |       |     4 |     7 |     1 |       |       ||    12
         Flame Wave        |       |       |     9 |    29 |    23 |     4 ||    65
         Inner Flame       |       |       |     1 |    10 |    41 |     4 ||    56
         Starburst         |       |       |       |    26 |    96 |    21 ||   143
         Iskenderun's Myst |       |       |       |    16 |    44 |    24 ||    84
         Dazzling Flash    |       |       |       |     5 |       |     3 ||     8
         Anguish           |       |       |       |     2 |     6 |       ||     8
         Iron Shot         |       |       |       |       |   162 |   209 ||   371
         Tukima's Dance    |       |       |       |       |    11 |       ||    11
         Orb of Destructio |       |       |       |       |    47 |   214 ||   261
         Freezing Cloud    |       |       |       |       |       |     6 ||     6
 Invoke: Curse Item        |       |     1 |     1 |     7 |     2 |       ||    11
         Shatter the Chain |       |       |       |       |     1 |     1 ||     2
  Evoke: Lightning rod     |       |       |       |       |     5 |       ||     5
         Wand              |       |       |       |       |     6 |     3 ||     9
         Box of beasts     |       |       |       |       |       |     1 ||     1
    Use: Scroll            |     8 |     7 |     3 |     7 |     5 |     2 ||    32
         Potion            |       |       |     3 |     1 |     1 |     5 ||    10
   Stab: Sleeping          |       |     2 |       |       |     1 |       ||     3
 Armour: Robe              |     6 |     3 |    12 |    15 |    28 |    44 ||   108
  Dodge: Dodged            |    14 |    26 |    44 |   141 |   244 |   363 ||   832
  Block: Buckler           |       |       |    21 |    59 |   104 |   141 ||   325
